 Dungeon Crawl Stone Soup version 0.18-a0-1203-gbde16db (webtiles) character file.

23 M4edhros the Charlatan (level 2, -2/18 HPs)
             Began as an Octopode Artificer on Jan 31, 2016.
             Slain by a hobgoblin
             ... wielding a +0 club
              (5 damage)
             ... on level 2 of the Dungeon.
             The game lasted 00:00:36 (844 turns).

M4edhros the Charlatan (Octopode Artificer)          Turns: 844, Time: 00:00:36

Health: -2/18      AC:  1    Str: 10    XL:     2   Next: 95%
Magic:  4/4        EV: 12    Int: 14    God:
Gold:   129        SH:  0    Dex: 12    Spells: 0 memorised, 1 level left

rFire  . . .     SeeInvis .     a - +0 short sword
rCold  . . .     Gourm    .     (no shield)
rNeg   . . .     Faith    .     (helmet restricted)
rPois  .         Spirit   .     i - amulet of harm
rElec  .         Dismiss  .     (no ring)
rCorr  .         Reflect  .     (no ring)
SustAt .         Harm     +     (no ring)
MR     .....                    (no ring)
Stlth  +++.......               (no ring)
                                (no ring)
                                (no ring)
                                (no ring)

@: slowed, very slow, not resistant to hostile enchantments, fairly stealthy
A: almost no armour, amphibious, 8 rings, constrict 8, camouflage 1, gelatinous
body 1
a: no special abilities


You were on level 2 of the Dungeon.
You were not hungry.

You visited 1 branch of the dungeon, and saw 2 of its levels.

You collected 129 gold pieces.

Inventory:

Hand Weapons
 a - a +0 short sword (weapon)
Jewellery
 i - an amulet of harm (around mantle)
Wands
 b - a wand of flame (15/48)
 c - a wand of enslavement (15/24)
 d - a wand of random effects (15/48)
Scrolls
 e - a scroll of recharging {unknown}
 h - a scroll of magic mapping {unknown}
 k - a scroll of remove curse {unknown}
 l - a scroll of teleportation {unknown}
 p - a scroll of enchant weapon {unknown}
Potions
 j - a potion of cancellation {unknown}
 m - a potion of heal wounds {unknown}
 o - a potion of agility {unknown}
Comestibles
 f - a bread ration
 g - 2 meat rations
 n - 3 fruits


   Skills:
 - Level 1.0 Fighting
 - Level 1.0 Short Blades
 * Level 2.4 Dodging
 * Level 3.1 Stealth
 + Level 3.4 Evocations


You had one spell level left.
You didn't know any spells.

Dungeon Overview and Level Annotations

Branches:
Dungeon (2/15)

Altars:
Dithmenos

Annotations:
D:2 Natasha


Innate Abilities, Weirdness & Mutations

You cannot wear most types of armour.
You are amphibious.
You can wear up to eight rings at the same time.
You can use your tentacles to constrict eight enemies at once.
Your skin changes colour to match your surroundings (Stealth).
Your rubbery body absorbs attacks (AC +1).


Message History

The hobgoblin is heavily wounded.
The hobgoblin hits you with a club.
Natasha, Servant of Life and Death comes into view.
There are monsters nearby!
Natasha hisses angrily.
You hit the hobgoblin but do no damage. You grab the hobgoblin.
The hobgoblin is heavily wounded.
You constrict the hobgoblin, but do no damage.
The goblin hits you with a club.
* * * LOW HITPOINT WARNING * * *
Natasha casts a spell at you.
You feel yourself slow down. The hobgoblin barely misses you.
You hit the goblin. You grab the goblin.
The goblin is moderately wounded.
You constrict the hobgoblin, but do no damage.
You constrict the goblin. The goblin hits you with a club.
* * * LOW HITPOINT WARNING * * *
Natasha mumbles some strange words.
The hobgoblin hits you with a club.
You die...

#
...#.####..##...(.##.#
#####.# ##.##.....# #
#.# #.#......... #..
#.#<##.###.. ###
##.#.##.# ..# #....#
.# .# #.##[##.#
###...## #..@.!#
#...gg%.#
#......_.....#
#h##.......#.# #
##.....##... ##...##
#. ##.## ...


You could see Natasha, a hobgoblin and a goblin.

Vanquished Creatures
  2 giant cockroaches (D:1)
  A goblin (D:1)
  5 hobgoblins
  A kobold (D:1)
  A ball python (D:1)
  2 bats (D:1)
  5 giant newts
  7 rats
24 creatures vanquished.

Notes
Turn   | Place    | Note
--------------------------------------------------------------
     0 | D:1      | M4edhros the Octopode Artificer began the quest for the Orb.
     0 | D:1      | Reached XP level 1. HP: 13/13 MP: 3/3
   211 | D:1      | Reached XP level 2. HP: 16/18 MP: 4/4
   837 | D:2      | Found a shadowy altar of Dithmenos.
   843 | D:2      | Noticed Natasha
   844 | D:2      | Slain by a hobgoblin

Vault maps used:
D:1:      dpeg_arrival_shelter
D:2:      gammafunk_temple_overflow_wave, lemuel_round_altar, uniq_natasha

Action                   || total
-------------------------++-------
Melee: Short sword       ||    35
 Stab: Sleeping          ||    12
